 Dungeon Crawl Stone Soup version 0.18-a0-902-g8738618 (webtiles) character file.

12 Jmtri7 the Charlatan (level 2, -3/21 HPs)
             Began as a Formicid Artificer on Dec 25, 2015.
             Killed from afar by an orc wizard (6 damage)
             ... with a puff of flame
             ... on level 4 of the Dungeon.
             The game lasted 00:02:28 (169 turns).

Jmtri7 the Charlatan (Formicid Artificer)            Turns: 169, Time: 00:02:28

Health: -3/21      AC:  5    Str: 15    XL:     2   Next: 45%
Magic:  5/5        EV: 11    Int: 11    God:
Gold:   7          SH:  0    Dex: 11    Spells: 0 memorised, 1 level left

rFire  . . .     SeeInvis +     a - +0 short sword
rCold  . . .     Gourm    .     g - +0 ring mail
rNeg   . . .     Faith    .     (no shield)
rPois  .         Spirit   .     (helmet unavailable)
rElec  .         Dismiss  .     (no cloak)
rCorr  .         Reflect  .     (no gloves)
SustAt .         Harm     .     (no boots)
MR     .....                    (no amulet)
Stlth  +.........               (no ring)
                                (no ring)

@: not resistant to hostile enchantments, very unstealthy
A: permanent stasis, dig shafts and tunnels, four strong arms, antennae 3
a: Dig, Shaft Self


You were on level 4 of the Dungeon.
You were not hungry.

You visited 1 branch of the dungeon, and saw 3 of its levels.

You collected 7 gold pieces.

Inventory:

Hand Weapons
 a - a +0 short sword (weapon)
Armour
 g - a +0 ring mail (worn)
Wands
 c - a wand of flame (14/48)
 d - a wand of enslavement (6/24)
 e - a wand of random effects (15/48)
 h - a wand of frost (19/48)
Scrolls
 b - a scroll of remove curse {unknown}
Comestibles
 f - 2 bread rations


   Skills:
 - Level 1.1 Fighting
 - Level 1.0 Short Blades
 - Level 1.7 Dodging
 - Level 1.2 Stealth
 + Level 4.1 Evocations


You had one spell level left.
You didn't know any spells.

Dungeon Overview and Level Annotations

Branches:
Dungeon (1/15)

Altars:

Annotations:
D:4 sugabear's ghost, amateur VSGl


Innate Abilities, Weirdness & Mutations

You are under a permanent stasis effect.
You can dig through walls and to a lower floor.
Your four strong arms can wield two-handed weapons with a shield.
You have a pair of large antennae on your head (SInv).


Message History

The orc wizard completely misses you.
Zapping:
d - a wand of enslavement (9/24)
Press: ? - help, Shift-Dir - straight line, f/p - sugabear's ghost
Aim: sugabear's ghost (chance to defeat MR: 50%) Sugabear's ghost is charmed.
This wand has 8 charges left.
The orc wizard barely misses you.
Zapping:
d - a wand of enslavement (8/24)
Press: ? - help, Shift-Dir - straight line, f - orc wizard, p - sugabear's ghost
Aim: an orc wizard, wielding an enchanted dagger and wearing a robe (chance to defeat MR: 54%) Nothing appears to happen.
This wand has 7 charges left.
You feel less confused. The orc wizard completely misses you.
Zapping:
d - a wand of enslavement (7/24)
Press: ? - help, Shift-Dir - straight line, f/p - orc wizard
Aim: an orc wizard, wielding an enchanted dagger and wearing a robe (chance to defeat MR: 54%)
The orc wizard resists with significant effort.
This wand has 6 charges left.
The orc wizard casts a spell at you. The puff of flame hits you!
You die...

######### {o...{...##
##oo.## ##o@W..##
#######.......####
##.................
###.....##.......####
......#..........#
###.....####.....#
##....####.........
#.......##.#####.##
#........#.# .#


You could see 2 orc wizards, an orc and the friendly sugabear's ghost.

Vanquished Creatures
  An adder (D:4)
  A bat (D:1)
  A hobgoblin (D:1)
  A ball python (D:1)
  A giant newt (D:1)
  2 goblins (D:1)
7 creatures vanquished.

Notes
Turn   | Place    | Note
--------------------------------------------------------------
     0 | D:1      | Jmtri7 the Formicid Artificer began the quest for the Orb.
     0 | D:1      | Reached XP level 1. HP: 15/15 MP: 3/3
   115 | D:1      | Reached XP level 2. HP: 18/21 MP: 4/4
   119 | D:1      | You fall through a shaft!
   122 | D:2      | You fall through a shaft for 2 floors!
   122 | D:4      | Noticed sugabear's ghost (amateur VSGl)
   134 | D:4      | Reached skill level 4 in Evocations
   169 | D:4      | Killed from afar by an orc wizard

Vault maps used:
D:1:      matt_arrival_grand_opening
D:2:      uniq_crazy_yiuf_cottage, uniq_robin
D:4:      lemuel_round_altar, old_standard_altar, hangedman_decor_growths,
          uniq_pikel

Action                   || total
-------------------------++-------
Melee: Short sword       ||    26
 Abil: Shaft Self        ||     2
Evoke: Wand              ||    10
